 Dungeon Crawl Stone Soup version 0.30.0-30-g96aa6591b8 (webtiles) character file.

Game seed: 16418547028566256178

261 ChadusMaximus the Trooper (level 5, -2/48 HPs)
             Began as a Minotaur Fighter on June 28, 2023.
             Slain by an ogre
             ... wielding a +0 giant club
              (18 damage)
             ... on level 5 of the Dungeon.
             The game lasted 00:02:17 (2669 turns).

ChadusMaximus the Trooper (Minotaur Fighter)        Turns: 2669, Time: 00:02:17

Health: -2/48      AC:  9    Str: 22    XL:     5   Next: 96%
Magic:  4/4        EV:  8    Int:  5    God:
Gold:   114        SH:  5    Dex: 10    Spells: 4/4 levels left

rFire   . . .        a - +0 war axe
rCold   . . .        c - +0 buckler
rNeg    . . .        l - +0 chain mail
rPois   .            (helmet restricted)
rElec   .            (no cloak)
rCorr   .            (no gloves)
SInv    .            (no boots)
Will    .....        (no amulet) Stlth
                     (no ring)
HPRegen 0.28/turn    (no ring)
MPRegen 0.09/turn

%: no passive effects
@: no status effects
A: horns 2, retaliatory headbutt
a: no special abilities


You were on level 5 of the Dungeon.
You visited 2 branches of the dungeon, and saw 6 of its levels.

You collected 114 gold pieces.

Inventory:

Hand Weapons
 a - a +0 war axe (weapon)
Armour
 b - a +0 scale mail
 c - a +0 buckler (worn)
 l - a +0 chain mail (worn)
Scrolls
 e - 2 scrolls of noise {unknown}
 g - a scroll of amnesia {unknown}
 h - a scroll of silence {unknown}
 i - 2 scrolls of fog {unknown}
 j - 2 scrolls of vulnerability {unknown}
 k - a scroll of blinking {unknown}
 n - 2 scrolls of poison {unknown}
 q - 2 scrolls of identify {unknown}
 s - a scroll of teleportation {unknown}
 t - 5 scrolls of enchant weapon {unknown}
Potions
 d - a potion of might
 f - a potion of ambrosia
 m - 2 potions of heal wounds {unknown}
 o - a potion of attraction {unknown}
 p - 4 potions of curing {unknown}
 r - a potion of degeneration {unknown}


   Skills:
 + Level 5.1 Fighting
 + Level 4.3 Axes
 + Level 5.0 Armour
 + Level 5.1 Shields


You had 4 spell levels left.
You didn't know any spells.
Your spell library contained the following spells:

 Spells                   Type           Power      Damage    Failure   Level
 Beastly Appendage        Tmut           0%         N/A       98%         1
 Summon Small Mammal      Summ           0%         N/A       98%         1
 Wereblood                Tmut           0%         N/A       99%         2
 Call Canine Familiar     Summ           0%         N/A       100%        3
 Inner Flame              Hex/Fire       0%         N/A       100%        3
 Spider Form              Tmut/Pois      0%         N/A       100%        3
 Summon Guardian Golem    Hex/Summ       0%         N/A       100%        3
 Flame Wave               Conj/Fire      0%         2d4       100%        4
 Sticky Flame             Conj/Fire      0%         2d3       100%        4


Dungeon Overview and Level Annotations

Branches:
Dungeon (4/15)             Temple (1/1) D:4

Altars:
Ashenzari
Cheibriados
Dithmenos
Hepliaklqana
Makhleb
Nemelex Xobeh
Trog
Uskayaw


Innate Abilities, Weirdness & Mutations

You have a pair of horns on your head.
You reflexively headbutt those who attack you in melee.


Message History

Unknown command.
You barely miss the orc wizard.
The orc wizard is moderately wounded.
The orc wizard hits you but does no damage.
You block the orc wizard's attack.
You barely miss the orc wizard. Your headbutt misses the orc wizard.
The orc wizard is moderately wounded.
The orc wizard hits you but does no damage.
A quokka comes into view.
Unknown command.
Unknown command.
You hit the orc wizard. You headbutt the orc wizard!
You kill the orc wizard!
You closely miss the orc. You block the orc's attack.
The orc completely misses you.
Unknown command.
You hit the orc.
The orc is severely wounded.
You block the orc's attack.
Unknown command.
You hit the orc.
You kill the orc!
You slash the orc!
You kill the orc!
The ogre barely misses you.
Unknown command.
You barely miss the ogre. You slash the ogre! Your headbutt misses the ogre.
The ogre is moderately wounded.
The ogre hits you with a +0 giant club!!
Ouch! That really hurt!
Unknown command.
You hit the ogre.
The ogre is moderately wounded.
The ogre closely misses you.
Unknown command.
You barely miss the ogre. You headbutt the ogre.
The ogre is heavily wounded.
The ogre hits you with a +0 giant club!!
You die...

.......#
......#
####
....?.
...# .<..#
.#.#
...###.#.#
rf##..#.#
#O##.##.#
#@##.##.#
#.......#
####.####
#......#
#......#
#......#
#......#
#......#
####.###


You could see an ogre, a sleepcap and a quokka.

Vanquished Creatures
  A jelly (D:5)
  An orc priest (D:4)
  Jessica (D:2)
  3 orc wizards
  3 adders (D:2)
  A white imp (D:3)
  A worm (D:3)
  5 orcs
  6 ball pythons
  5 endoplasms
  5 goblins
  5 hobgoblins
  4 jackals
  4 quokkas
  4 bats
  6 frilled lizards
  2 kobolds
  8 rats
65 creatures vanquished.

Notes
Turn   | Place    | Note
-------+----------+-------------------------------------------
     0 | D:1      | ChadusMaximus the Minotaur Fighter began the quest for the
                  | Orb.
     0 | D:1      | Reached XP level 1. HP: 19/19 MP: 0/0
   279 | D:1      | Found a faded altar of an unknown god.
   343 | D:1      | Reached XP level 2. HP: 27/27 MP: 1/1
   757 | D:2      | Reached XP level 3. HP: 25/33 MP: 2/2
   856 | D:2      | Noticed Jessica
   864 | D:2      | Killed Jessica
  1100 | D:2      | Found a hazy altar of Hepliaklqana.
  1112 | D:2      | Reached XP level 4. HP: 32/40 MP: 3/3
  1815 | D:3      | Noticed a moth of wrath
  1819 | D:3      | Found a bloodstained altar of Trog.
  2370 | D:4      | Reached XP level 5. HP: 10/47 MP: 4/4
  2372 | D:4      | HP: 2/47 [something/magic dart (6)]
  2547 | D:4      | Found a staircase to the Ecumenical Temple.
  2564 | Temple   | Entered the Ecumenical Temple
  2639 | D:4      | You fall into a shaft and drop 1 floor!
  2639 | D:5      | Entered Level 5 of the Dungeon
  2656 | D:5      | Reached skill level 5 in Fighting
  2656 | D:5      | Reached skill level 5 in Armour
  2656 | D:5      | Reached skill level 5 in Shields
  2657 | D:5      | Noticed an ogre
  2669 | D:5      | Slain by an ogre

Illustrated notes

Levels and vault maps discovered:
D:1:      roderic_crossed_star, layout_basic, shapermc_ecumenical_altar_ellora,
          serial_rivers, chequers_serial_rivers_micro_c,
          chequers_serial_rivers_micro_e, chequers_serial_rivers_large_a,
          chequers_serial_rivers_small_a, chequers_serial_rivers_micro_a
D:2:      layout_loops_ring, serial_forest, infiniplex_forest_corner_1,
          infiniplex_forest_end_2, infiniplex_forest_lined_1,
          infiniplex_forest_straight_3, infiniplex_forest_straight_2,
          infiniplex_forest_straight_3, basic_altar, corexii_corridor_pit,
          uniq_jessica
D:3:      layout_basic, tgw_trog, st_stairs_9
D:4:      layout_loops_ring, mainiacjoe_overflow_six_doors_small,
          minmay_temple_entry_wispy
D:5:      layout_loops_cross, okawaru_altar_gauntlet_db,
          mainiacjoe_overflow_concentric_impassable
Temple:   hellmonk_temple_two_chambers

Skill      XL: |  1  2  3  4  5 |
---------------+----------------+-----
Fighting       | 4 5 |  5.1
Armour         | 4 5 |  5.0
Shields        | 4 5 |  5.1
Axes           | 3 4 |  4.3

Action                     |  1- 3 |  4- 6 || total
---------------------------+-------+-------++-------
  Melee: War axe           |    57 |    90 ||   147
         Headbutt          |     5 |     9 ||    14
    Use: Potion            |       |     1 ||     1
 Armour: Scale mail        |    10 |       ||    10
         Chain mail        |     4 |    60 ||    64
  Dodge: Dodged            |    27 |    38 ||    65
  Block: Buckler           |    11 |    15 ||    26
